Description

2019 GSL season 1 ro32 Roach/ravager with muta harass

VOD

https://youtu.be/x0q2Mj4A_C8?t=658

Build Order

Get SALT Encoding   

  12  0:00  Drone  
  13  0:13  Overlord  
  14  0:18  Drone  
  15  0:32  Drone x2  
  17  0:36  Drone  
  16  0:53  Hatchery  
  17  0:56  Drone  
  18  0:59  Drone  
  17  1:10  Extractor  
  16  1:14  Spawning Pool  
  17  1:17  Drone  
  18  1:20  Drone  
  19  1:29  Drone  rally to 3rd
  20  1:40  Drone  
  19  1:50  Hatchery  
  20  1:54  Drone  
  22  2:05  Queen  
  23  2:08  Drone x2  
  26  2:18  Queen  
  26  2:24  Overlord  
  27  2:30  Drone x2  
  28  2:35  Metabolic Boost  
  29  2:43  Drone x3  
  32  2:49  Drone x2  
  35  2:55  Queen  
  35  2:59  Overlord  
  37  3:06  Queen  
  38  3:07  Zergling  
  39  3:10  Drone  
  40  3:11  Drone  
  41  3:14  Drone  
  41  3:19  Overlord  
  42  3:20  Drone x2  
  44  3:23  Drone  
  45  3:26  Drone x2  
  47  3:29  Drone  
  48  3:30  Drone x2  
  49  3:33  Lair  
  48  3:41  Extractor, Roach Warren  
  46  3:47  Spore Crawler  
  47  3:48  Drone x3  
  50  3:53  Drone x3  
  51  4:00  Extractor, Drone x2  
  52  4:02  Extractor  
  53  4:04  Drone x2  
  54  4:06  Overlord x2  
  55  4:20  Drone x2  
  58  4:27  Roach x6  
  70  4:39  Roach x2, Overseer  
  72  4:42  Glial Reconstitution  
  72  4:44  Overlord x2  
  72  4:52  Overseer  
  73  5:01  Drone x2  
  74  5:09  Drone x17  
  83  5:10  Overlord x2  
  83  5:13  Drone x3  
  86  5:22  Spire  
Spawning Tool Build Advisor. Get it on Overwolf

Go to:

Details

  • Created by: avos5
  • Published on: Feb 11, 2019
  • Modified on: Feb 13, 2019
  • Patch: 4.7.1
Show
View Real Time Build Order
Export as new Build Order

Comments (0)

There are no comments. Be the first!

Create an account to comment!